 Dungeon Crawl Stone Soup version 0.29.1-15-g9cfb28693d (webtiles) character file.

Game seed: 617654425337136537

17528 Garmo the Grappler (level 12, -2/130 HPs)
             Began as a Troll Berserker on Mar 24, 2023.
             Was a High Priest of Trog.
             Slain by a six-headed hydra (7 damage)
             ... on level 5 of the Lair of Beasts.
             The game lasted 00:32:42 (13210 turns).

Garmo the Grappler (Troll Berserker)               Turns: 13210, Time: 00:32:42

Health: -2/130     AC: 14    Str: 28    XL:     12   Next: 19%
Magic:  11/11      EV: 14    Int:  7    God:    Trog [*****.]
Gold:   885        SH:  0    Dex:  9    Spells: 11/11 levels left

rFire   . . .      SeeInvis .     - Unarmed
rCold   . . .      Faith    .   (no shield)
rNeg    . . .      Spirit   .   G - +0 steam dragon scales
rPois   .          Reflect  .   H - +2 hat
rElec   .          Harm     .   P - +0 cloak
rCorr   .          Rampage  .   (gloves unavailable)
Will    .....                   (boots unavailable)
Stlth   +.........              (no amulet)
HPRegen 1.11/turn               C - +4 ring of evasion
MPRegen 0.12/turn               S - +4 ring of protection

@: no status effects
A: large, unfitting armour, claws 3, regeneration 1, shaggy fur 1, tough skin 1
a: Renounce Religion, Berserk, Trog's Hand, Brothers in Arms


You were on level 5 of the Lair of Beasts.
You worshipped Trog.
Trog was extremely pleased with you.
You visited 3 branches of the dungeon, and saw 17 of its levels.

You collected 916 gold pieces.
You spent 31 gold pieces at shops.

Inventory:

Missiles
 j - 117 stones (quivered)
 A - 23 poisoned darts
 D - 4 throwing nets {!f}
 I - 3 atropa-tipped darts
 J - 5 curare-tipped darts {!f}
 R - 5 boomerangs
Armour
 G - +0 steam dragon scales (worn)
   (You found it on level 7 of the Dungeon)
 H - a +2 hat (worn)
   (You found it on level 6 of the Dungeon)
 N - a +1 kite shield of cold resistance
   (You found it on level 11 of the Dungeon)
 P - a +0 cloak (worn)
   (You found it on level 3 of the Dungeon)
Jewellery
 k - a ring of ice
   (You found it on level 11 of the Dungeon)
 C - a +4 ring of evasion (left claw)
   (You took it off a gnoll on level 4 of the Dungeon)
 O - a ring of willpower
   (You found it on level 8 of the Dungeon)
 S - a +4 ring of protection (right claw)
   (You found it on level 1 of the Lair of Beasts)
Wands
 p - a wand of digging (6)
   (You found it on level 3 of the Dungeon)
 t - a wand of flame (8)
   (You found it on level 1 of the Lair of Beasts)
 y - a wand of iceblast (10)
   (You found it on level 7 of the Dungeon)
 K - a wand of polymorph (17)
   (You took it off an orc on level 8 of the Dungeon)
 L - a wand of charming (3)
   (You found it on level 10 of the Dungeon)
 M - a wand of acid (8)
   (You found it on level 8 of the Dungeon)
Scrolls
 b - 8 scrolls of poison {!r}
 g - 6 scrolls of enchant weapon
 h - a scroll of magic mapping {unknown}
 i - 3 scrolls of fear
 q - a scroll of summoning {unknown}
 r - a scroll of amnesia {unknown}
 s - 2 scrolls of immolation {unknown}
 u - a scroll of butterflies {unknown}
 v - 2 scrolls of blinking {unknown}
 z - 6 scrolls of noise {unknown}
 B - 2 scrolls of brand weapon {unknown}
 E - 8 scrolls of teleportation {@r4}
 F - a scroll of enchant armour {unknown}
Potions
 a - 4 potions of flight
 c - 5 potions of curing {@q1}
 d - 2 potions of might
 e - a potion of haste {@q3}
 f - 2 potions of cancellation
 l - 2 potions of lignification {!q}
 m - 3 potions of magic
 n - 4 potions of ambrosia
 o - 3 potions of heal wounds {@q2}
 w - a potion of mutation {!q}
 Q - 5 potions of resistance
 T - a potion of invisibility


   Skills:
 + Level 11.5 Fighting
 - Level 3.3 Throwing
 - Level 2.5 Dodging
 * Level 5.6 Shields
 + Level 13.6 Unarmed Combat


You had 11 spell levels left.
You didn't know any spells.
Your spell library was empty.

Dungeon Overview and Level Annotations

Branches:
Dungeon (11/15) Zot: 26138  Temple (1/1) D:5 Zot: 5789    Lair (4/5) D:11 Zot: 26948
  Swamp (0/4) Lair:3       Spider (0/4) Lair:3          Orc (0/2) D:10
  Slime: Lair:4-5

Altars:
Ashenzari
Cheibriados
Dithmenos
Elyvilon
Fedhas
Gozag
Hepliaklqana
Kikubaaqudgha
Makhleb
Nemelex Xobeh
Okawaru
Qazlal
Ru
Sif Muna
Trog
Uskayaw
Vehumet
Wu Jian
Xom
Yredelemnul
Zin
The Shining One

Shops:
D:4 *([   D:5 :   D:10 *

Annotations:
Lair:5 Kirke


Innate Abilities, Weirdness & Mutations

You are too large for most types of armour.
You have claws for hands.
Your natural rate of healing is unusually fast.
You are covered in fur. (AC +1)
You have tough skin. (AC +1)


Message History

Aim: a six-headed hydra (almost dead, 79% to hit)
You throw a large rock.
The large rock hits the six-headed hydra!
The hog bites you.
* * * LOW HITPOINT WARNING * * *
The hog bites you.
* * * LOW HITPOINT WARNING * * *
The six-headed hydra bites you but does no damage.
The six-headed hydra bites you.
* * * LOW HITPOINT WARNING * * *
The six-headed hydra closely misses you.
The six-headed hydra bites you but does no damage. x2
The six-headed hydra closely misses you.
The hog bites you!
* * * LOW HITPOINT WARNING * * *
The hog bites the fungus!
The six-headed hydra bites you.
* * * LOW HITPOINT WARNING * * *
The six-headed hydra bites you but does no damage. x2
The six-headed hydra bites you.
* * * LOW HITPOINT WARNING * * *
The six-headed hydra barely misses you. The six-headed hydra misses you.
The hog closely misses you.
You feel much better.
The hog bites the fungus.
The hog bites the fungus!
The hog misses you. The six-headed hydra bites you.
* * * LOW HITPOINT WARNING * * *
The six-headed hydra bites you!
* * * LOW HITPOINT WARNING * * *
The six-headed hydra bites you but does no damage.
The six-headed hydra closely misses you.
The six-headed hydra bites you.
* * * LOW HITPOINT WARNING * * *
The six-headed hydra bites you.
* * * LOW HITPOINT WARNING * * *
Unknown command.
Throw: large rock
Aim: a six-headed hydra (almost dead, 79% to hit)
You throw a large rock.
The large rock barely misses the six-headed hydra.
The hog bites the fungus. x2; The hog bites you.
* * * LOW HITPOINT WARNING * * *
You hear some strange, mumbled words.
Something tries to affect you, but you resist.
The hog bites the fungus!
The six-headed hydra bites you but does no damage.
The six-headed hydra bites you.
* * * LOW HITPOINT WARNING * * *
The six-headed hydra bites you!
* * * LOW HITPOINT WARNING * * *
The six-headed hydra barely misses you. x2; The six-headed hydra bites you!
You die...

#........... ..###.#
#...(...... ...P..#.#.#
#.[........ ...........
...(.... ........[...
#.....P# ##..##.#.....
#.#P(hh###..# #.......
.#.#..{DP.....###..#..†.
......h@..............†.
......................†.
...............##.##..#.
....^.........#..###...#
........................
............)...........
#.#.#...#P....##.####..#
.################# ##.#
##


You could see a six-headed hydra and 3 hogs.

Vanquished Creatures
  Harold (D:11)
  3 two-headed ogres
  A bog body (Lair:3)
  A cyclops (D:11)
  An ugly thing (D:11)
  Maurice (D:10)
  2 black mambas
  Maggie (D:9)
  A torpor snail (Lair:1)
  4 komodo dragons
  Psyche (D:8)
  A rime drake (Lair:4)
  6 polar bears
  A hornet (D:9)
  A troll (D:11)
  3 dream sheep (Lair:1)
  3 wraiths
  19 yaks
  A vampire (D:9)
  4 wyverns
  3 steam dragons
  Menkaure (D:7)
  3 swamp worms (Lair:3)
  4 water moccasins
  An orc warrior (D:8)
  6 black bears
  5 centaurs
  A phantom (D:5)
  A kobold brigand (D:8)
  7 bullfrogs
  2 gnoll sergeants
  2 scorpions
  5 wights (D:8)
  6 howler monkeys
  2 electric eels
  Crazy Yiuf (D:7)
  7 orc priests
  4 gnoll boudas
  4 hounds
  2 jellies
  6 orc wizards
  An iguana (D:5)
  2 adders
  21 gnolls
  A shadow imp (D:5)
  2 white imps (D:6)
  4 ufetubi
  6 worms (D:3)
  3 dart slugs
  32 orcs
  4 ball pythons
  6 endoplasms
  3 giant cockroaches
  4 goblins
  3 hobgoblins
  8 kobolds
  5 quokkas
  A frilled lizard (D:1)
  6 rats
241 creatures vanquished.

Vanquished Creatures (others)
  39 fungi
  50 plants
  4 withered plants (D:1)
93 creatures vanquished.

Grand Total: 334 creatures vanquished

Notes
Turn   | Place    | Note
-------+----------+-------------------------------------------
     0 | D:1      | Garmo the Troll Berserker began the quest for the Orb.
     0 | D:1      | Reached XP level 1. HP: 22/22 MP: 0/0
    43 | D:1      | Found a faded altar of an unknown god.
   232 | D:1      | Reached XP level 2. HP: 27/29 MP: 1/1
  1225 | D:2      | Reached XP level 3. HP: 37/37 MP: 2/2
  1478 | D:2      | Identified the +6 scale mail "Keubut" {Will- Str+9 Int+4}
  1952 | D:3      | Reached ** piety under Trog
  1984 | D:3      | Found a broken altar of Ashenzari.
  2304 | D:3      | Found a glowing silver altar of Zin.
  2494 | D:3      | Reached skill level 4 in Unarmed Combat
  2498 | D:3      | Reached XP level 4. HP: 32/45 MP: 3/3
  2918 | D:4      | Found Tauloonk's Assorted Antiques.
  2926 | D:4      | Bought a scroll labelled NACUIH ABYANEMMEWN for 31 gold
                  | pieces
  3001 | D:4      | Reached XP level 5. HP: 50/54 MP: 4/4
  3145 | D:4      | Found Tublaitz's Antique Weapon Shoppe.
  3319 | D:4      | Found Ruhotown's Antique Armour Shoppe.
  3526 | D:4      | Reached skill level 5 in Unarmed Combat
  3757 | D:5      | Entered Level 5 of the Dungeon
  3762 | D:5      | Noticed a black bear
  3807 | D:5      | Found Meiror's Book Emporium.
  3875 | D:5      | Reached XP level 6. HP: 62/62 MP: 5/5
  4012 | D:5      | Found a staircase to the Ecumenical Temple.
  4023 | D:5      | Reached skill level 5 in Fighting
  4023 | D:5      | Reached skill level 6 in Unarmed Combat
  4023 | D:5      | Reached XP level 7. HP: 72/72 MP: 6/6
  4026 | Temple   | Entered the Ecumenical Temple
  4463 | D:5      | Found a radiant altar of Vehumet.
  4882 | D:5      | Found a bloodstained altar of Trog.
  4967 | D:6      | HP: 3/72 [poisoned by a gnoll]
  4972 | D:6      | HP: 2/72 [poisoned by a gnoll]
  5222 | D:6      | Reached skill level 7 in Unarmed Combat
  5456 | D:6      | Reached XP level 8. HP: 80/83 MP: 7/7
  6270 | D:7      | Noticed a two-headed ogre
  6387 | D:7      | Killed a two-headed ogre
  6388 | D:7      | Reached skill level 8 in Unarmed Combat
  6435 | D:7      | Reached XP level 9. HP: 83/93 MP: 8/8
  6523 | D:7      | Reached skill level 9 in Unarmed Combat
  6538 | D:7      | Noticed Menkaure
  6553 | D:7      | Killed Menkaure
  6553 | D:7      | Reached *** piety under Trog
  7024 | D:7      | Found a runed translucent door.
  7025 | D:7      | Noticed Crazy Yiuf
  7029 | D:7      | Killed Crazy Yiuf
  7508 | D:8      | Reached skill level 10 in Unarmed Combat
  7575 | D:8      | Noticed Psyche
  7584 | D:8      | Killed Psyche
  7860 | D:9      | Found a shadowy altar of Dithmenos.
  8153 | D:9      | Reached **** piety under Trog
  8225 | D:9      | Noticed a two-headed ogre
  8231 | D:9      | Killed a two-headed ogre
  8232 | D:9      | Reached XP level 10. HP: 59/107 MP: 9/9
  8415 | D:9      | Noticed a two-headed ogre
  8421 | D:9      | Reached skill level 11 in Unarmed Combat
  8430 | D:9      | Killed a two-headed ogre
  8884 | D:9      | Noticed Maggie
  8890 | D:9      | Killed Maggie
  9176 | D:10     | Entered Level 10 of the Dungeon
  9210 | D:10     | Reached skill level 10 in Fighting
  9369 | D:10     | Noticed Maurice
  9380 | D:10     | Killed Maurice
  9381 | D:10     | Reached skill level 12 in Unarmed Combat
  9479 | D:10     | Found a staircase to the Orcish Mines.
  9677 | D:10     | Found Mootaiha's Assorted Antiques.
 10038 | D:11     | Reached XP level 11. HP: 91/119 MP: 10/10
 10056 | D:11     | Noticed a cyan ugly thing
 10073 | D:11     | Killed a cyan ugly thing
 10074 | D:11     | Reached skill level 1 in Throwing
 10224 | D:11     | Noticed Harold
 10243 | D:11     | Killed Harold
 10320 | D:11     | Found a staircase to the Lair.
 10385 | D:11     | Reached ***** piety under Trog
 10467 | D:11     | Identified the +2 pair of gloves "Seagyjagh" {Harm rC+
                  | Int+2}
 10824 | Lair:1   | Entered Level 1 of the Lair of Beasts
 10870 | Lair:1   | Reached skill level 1 in Shields
 10916 | Lair:1   | Reached skill level 13 in Unarmed Combat
 12233 | Lair:3   | Identified the +4 hand axe "Billoe Ypraf" {elec, Will+
                  | Str+2}
 12248 | Lair:3   | Found a hole to the Spider Nest.
 12749 | Lair:3   | Noticed a bog body
 12765 | Lair:3   | Killed a bog body
 12766 | Lair:3   | Reached XP level 12. HP: 81/130 MP: 11/11
 12814 | Lair:3   | Found a staircase to the Swamp.
 12873 | Lair:3   | Reached skill level 5 in Shields
 13163 | Lair:4   | You fall into a shaft and drop 1 floor!
 13163 | Lair:5   | Entered Level 5 of the Lair of Beasts
 13201 | Lair:5   | Noticed a six-headed hydra
 13204 | Lair:5   | Noticed Kirke
 13210 | Lair:5   | HP: 5/130 [six-headed hydra (8)]
 13210 | Lair:5   | Slain by a six-headed hydra

Illustrated notes

Levels and vault maps discovered:
D:1:      heliophobic_arrival_ceremonial_halls, layout_basic,
          shapermc_ecumenical_altar_flowoftime, serial_corexii_hall,
          chequers_hall_statues_corner_a, chequers_hall_statues_wall_a,
          hangedman_decor_slide_cut, amcnicky_mini_rare_corridor_liquid
D:2:      layout_basic
D:3:      layout_basic, minitemple, nicolae_wormholes
D:4:      layout_gridville, serial_shops, shop, shop_statue, shop
D:5:      layout_loops_ring, lemuel_crystal_altar, kennysheep_little_box,
          minmay_temple_entry_sparse_star, serial_shops,
          nicolae_shop_temple_entry_statues_fountains, minmay_statues_item
D:6:      layout_loops_corners
D:7:      hellmonk_ruined_rings, layout_basic, uniq_menkaure,
          uniq_crazy_yiuf_cottage
D:8:      layout_basic, uniq_psyche
D:9:      layout_basic, mainiacjoe_overflow_small_starburst,
          kennysheep_flooded_box, uniq_maggie
D:10:     layout_irregular_city, orc_0_dummy, serial_shops,
          nicolae_shop_overgrown_old_shop, uniq_maurice
D:11:     layout_irregular_city, due_lair_maze_entry_diamond,
          hangedman_abyss_or_decor_stagger, minmay_strange_pillars, uniq_harold
Temple:   minmay_crystal_spiral_temple
Lair:1:   layout_misc_corridors, infiniplex_staircase_pool
Lair:2:   layout_roguey, minmay_stone_trees_large, cheibrodos_lair_lostbears
Lair:3:   layout_chaotic_city, nicolae_swamp_entry_splash_gauntlet,
          spider_nest_entry_web_field
Lair:4:   layout_regular_city
Lair:5:   evilmike_catoblepas_cave, layout_long_grid,
          minmay_slime_entry_pillars, uniq_kirke

Skill      XL: |  1  2  3  4  5  6  7  8  9 10 11 12 |
---------------+-------------------------------------+-----
Fighting       | 3 4 5 6 7 9 10 11 | 11.5
Unarmed Combat | 4 5 6 7 8 10 12 13 | 13.6
Throwing       | 3 |  3.3
Shields        | 4 5 |  5.6
Dodging        | |  2.5

Action                   |  1- 3 |  4- 6 |  7- 9 | 10-12 || total
-------------------------+-------+-------+-------+-------++-------
Melee: Unarmed           |   107 |    74 |   286 |   358 ||   825
       Punch             |     5 |     5 |    19 |    28 ||    57
Throw: Stone             |       |     2 |       |       ||     2
       Dart              |       |     4 |     5 |       ||     9
       Large rock        |       |       |       |     8 ||     8
Invok: Berserk           |       |     2 |     1 |     2 ||     5
       Trog's Hand       |       |       |     3 |     2 ||     5
  Use: Scroll            |       |       |       |    20 ||    20
       Potion            |       |       |       |     3 ||     3
Armor: Animal skin       |    14 |     2 |       |       ||    16
       Robe              |       |    15 |    37 |       ||    52
       Steam dragon scal |       |       |    63 |   124 ||   187
Dodge: Dodged            |    33 |    34 |   231 |   248 ||   546
